 Dungeon Crawl Stone Soup version 0.25-a0-280-gfa4545f159 (webtiles) character file.

Game seed: 18271174989625017138, levelgen mode: deterministic

116 night the Skirmisher (level 4, -3/38 HPs)
             Began as a Demonspawn Monk on Dec 10, 2019.
             Slain by a gnoll
             ... wielding a +0 spear
              (10 damage)
             ... on level 3 of the Dungeon.
             The game lasted 00:07:16 (2408 turns).

night the Skirmisher (Demonspawn Monk)              Turns: 2408, Time: 00:07:17

Health: -3/38      AC:  6    Str: 12    XL:     4   Next: 69%
Magic:  4/4        EV: 15    Int: 12    God:
Gold:   149        SH:  0    Dex: 20    Spells: 3/3 levels left

rFire    . . .     SeeInvis .     - Unarmed
rCold    . . .     Gourm    .   (no shield)
rNeg     . . .     Faith    .   g - +0 scale mail (curse)
rPois    .         Spirit   .   (no helmet)
rElec    .         Reflect  .   (no cloak)
rCorr    .         Harm     .   (no gloves)
MR       .....                  (no boots)
Stlth    +++.......             (no amulet)
HPRegen  0.12/turn              (no ring)
MPRegen  0.09/turn              (no ring)

@: confused, agile
A: nightstalker 2
a: no special abilities


You were on level 3 of the Dungeon.
You were not hungry.

You visited 1 branch of the dungeon, and saw 3 of its levels.

You collected 149 gold pieces.

Inventory:

Hand Weapons
 m - a +2 dagger of freezing
Missiles
 d - 102 stones (quivered)
 l - 13 poisoned darts
Armour
 a - a +0 robe
 g - a cursed +0 scale mail (worn)
Scrolls
 e - 3 scrolls of fear {unknown}
 h - a scroll of enchant weapon {unknown}
 i - a scroll of magic mapping {unknown}
 j - a scroll of amnesia {unknown}
 k - 3 scrolls of identify {unknown}
Comestibles
 b - 6 rations
 f - 4 chunks of flesh


   Skills:
 + Level 4.4 Fighting
 - Level 2.6 Dodging
 - Level 1.7 Stealth
 + Level 4.0 Unarmed Combat


You had 3 spell levels left.
You didn't know any spells.
Your spell library was empty.

Dungeon Overview and Level Annotations

Branches:
Dungeon (3/15)

Altars:
Gozag


Innate Abilities, Weirdness & Mutations

You are significantly more attuned to the shadows.


Message History

You resist with some effort.
Unknown command.
You hit the gnoll but do no damage.
The gnoll is severely wounded.
The frilled lizard bites you but does no damage.
The gnoll hits you with a +0 spear. The gnoll hits you with a +0 war axe!
* * * LOW HITPOINT WARNING * * *
It was a potion of agility.
You feel agile all of a sudden. The frilled lizard closely misses you.
The gnoll hits you but does no damage. The gnoll closely misses you.
The frilled lizard bites you.
* * * LOW HITPOINT WARNING * * *
The gnoll zaps a wand.
Your will is overpowered!
You are more confused.
You closely miss the gnoll.
The gnoll is severely wounded.
The gnoll misses you.
The frilled lizard bites you but does no damage.
The gnoll hits you with a +0 spear!
You die...

.....##$#...g...
.#...(.........
.............. #<
#...........g. #.#
#lg##......... #
##.###.@##...รท.....
##. #.....g###.........
#..##....######).......
.........###...........
.........#........#####
......####...######
........[)..##
.....)####### .....<#


You could see 2 gnolls and a frilled lizard.

Vanquished Creatures
  Natasha (D:2)
  2 gnolls (D:3)
  A worm (D:2)
  A dart slug (D:2)
  2 leopard geckos
  4 orcs (D:3)
  3 giant cockroaches
  7 goblins
  7 hobgoblins
  4 jackals (D:3)
  12 kobolds
  2 ball pythons
  5 bats
  3 frilled lizards
  8 rats
62 creatures vanquished.

Notes
Turn   | Place    | Note
-------+----------+-------------------------------------------
     0 | D:1      | night the Demonspawn Monk began the quest for the Orb.
     0 | D:1      | Reached XP level 1. HP: 18/18 MP: 1/1
   367 | D:1      | Gained mutation: You are slightly more attuned to the
                  | shadows. [demonic ancestry]
   367 | D:1      | Reached XP level 2. HP: 22/24 MP: 2/2
  1063 | D:2      | Reached XP level 3. HP: 19/29 MP: 3/3
  1322 | D:2      | Found a faded altar of an unknown god.
  1724 | D:2      | Noticed Natasha
  1734 | D:2      | Killed Natasha
  1734 | D:2      | Gained mutation: You are significantly more attuned to the
                  | shadows. [demonic ancestry]
  1734 | D:2      | Reached XP level 4. HP: 19/37 MP: 4/4
  2017 | D:2      | Found an opulent altar of Gozag.
  2408 | D:3      | Slain by a gnoll

Levels and vault maps discovered:
D:1:      dpeg_arrival_leaves_temple_mockup, layout_loops_ring
D:2:      layout_rooms, nicolae_gozag_cash_rules_everything_around_me,
          first_ration, chequers_ecumenical_altar_simple, uniq_natasha
D:3:      layout_rooms

Skill      XL: |  1  2  3  4 |
---------------+-------------+-----
Unarmed Combat | 3 4 |  4.0
Fighting       | 4 |  4.4
Dodging        | |  2.6
Stealth        | |  1.7

Action                   |  1- 3 |  4- 6 || total
-------------------------+-------+-------++-------
Melee: Unarmed           |   168 |   101 ||   269
       Punch             |     3 |     1 ||     4
Throw: Stone             |    14 |     2 ||    16
  Use: Potion            |       |     1 ||     1
 Stab: Sleeping          |     3 |     1 ||     4
  Eat: Chunk             |     3 |     2 ||     5
Armor: Robe              |     4 |       ||     4
       Scale mail        |    62 |    31 ||    93
Dodge: Dodged            |    71 |    61 ||   132

Table legend:
 A = Non-vault XP
 B = Vault XP
 C = Vault XP percentage of total XP
 D = Non-vault monster count
 E = Vault monster count
 F = Vault count percentage of total count
                 A         B        C        D         E       F
            +---------+---------+-------+---------+---------+-------
      Total |     130 |      36 |  21.7 |      61 |       1 |   1.6
            +---------+---------+-------+---------+---------+-------
        D:1 |      39 |       0 |   0.0 |      26 |       0 |   0.0
        D:2 |      37 |      36 |  49.3 |      21 |       1 |   4.5
        D:3 |      54 |       0 |   0.0 |      14 |       0 |   0.0
            +---------+---------+-------+---------+---------+-------
